 Dungeon Sprint DCSS version 0.17-a0-1570-g74b7129 (webtiles) character file.

2062 tt080 the Bludgeoner (level 9, -1/80 HPs)
             Began as a Troll Berserker on July 23, 2015.
             Was a High Priest of Trog.
             Slain by a black mamba (19 damage)
             ... in the Dungeon (Sprint IX: "|||||||||||||||||||||||||||||").
             The game lasted 00:02:11 (304 turns).

tt080 the Bludgeoner (Troll Berserker)               Turns: 304, Time: 00:02:11

Health: -1/80      AC: 10    Str: 30    XL:     9   Next: 5%
Magic:  8/8        EV: 10    Int:  3    God:    Trog [*****.]
Gold:   0          SH:  0    Dex: 15    Spells: 0 memorised, 8 levels left

rFire  . . .     SeeInvis .     m - +2 dire flail (protect)
rCold  . . .     Clarity  .     b - +0 animal skin
rNeg   . . .     SustAt   .     (no shield)
rPois  .         Gourm    +     (helmet restricted)
rElec  .         Spirit   .     (no cloak)
rCorr  .         Warding  .     (gloves unavailable)
rMut   .         NoTele   +     (boots unavailable)
MR     .....                    (no amulet)
Stlth  +.........               o - +3 ring of strength
                                n - +3 ring of dexterity

@: not resistant to hostile enchantments, very unstealthy
A: unfitting armour, claws 3, fast metabolism 3, gourmand, regeneration 2,
shaggy fur 1, tough skin 2
a: Burn Spellbooks, Berserk, Trog's Hand, Brothers in Arms, Renounce Religion


You were in the Dungeon.
You worshipped Trog.
Trog was extremely pleased with you.
You were very full.

You visited 1 branch

Inventory:

Hand weapons
 a - a +0 mace
 m - a +2 dire flail of protection (weapon)
Armour
 b - a +0 animal skin (worn)
Jewellery
 f - an uncursed ring of stealth
 n - a +3 ring of dexterity (left claw)
 o - a +3 ring of strength (right claw)
Magical devices
 l - a wand of cold (7)
Scrolls
 i - 3 scrolls of blinking
 k - 4 scrolls of remove curse
 p - 2 scrolls of fog
 q - a scroll of fear
Potions
 c - 2 potions of brilliance
 d - 3 potions of curing
 e - 5 potions of heal wounds
 g - 4 potions of magic
 h - a potion of berserk rage
 j - a potion of invisibility


   Skills:
 - Level 2.4 Fighting
 * Level 17.5 Maces & Flails
 - Level 2.4 Dodging


You had 8 spell levels left.
You didn't know any spells.

Dungeon Overview and Level Annotations

Branches:
Dungeon (1/1)

Altars:
Cheibriados
Dithmenos
Elyvilon
Fedhas
Gozag
Kikubaaqudgha
Makhleb
Nemelex Xobeh
Okawaru
Qazlal
Ru
Sif Muna
Trog
Vehumet
Xom
Yredelemnul
Zin
The Shining One
Beogh
Jiyva
Lugonu


Innate Abilities, Weirdness & Mutations

You are too large for most types of armour.
You have claws for hands.
Your metabolism is lightning-fast.
You like to eat raw meat.
You heal very quickly.
You are covered in fur (AC +1).
You have very tough skin (AC +2).


Message History

* * * LOW HITPOINT WARNING * * *
You are poisoned.
The black mamba poisons you!
You hit the black mamba but do no damage.
The black mamba is moderately wounded.
You feel sick. The black mamba bites you!
* * * LOW HITPOINT WARNING * * *
You bludgeon the black mamba!!
The black mamba is almost dead.
You feel sick. The black mamba bites you!
* * * LOW HITPOINT WARNING * * *
You are more poisoned.
The black mamba poisons you!
You hit the black mamba.
The black mamba is almost dead.
You feel sick. The black mamba bites you!
* * * LOW HITPOINT WARNING * * *
Drink which item? (? for menu, Esc to quit)
You feel better. The black mamba bites you!!
You die...

▓_▓.▓
▓_▓.▓.▓
▓_▓.▓.▓
▓_▓.▓.▓
▓_▓.▓.▓
▓_▓.▓t▓
▓_▓.▓r▓
▓_▓.▓S▓
▓_▓.▓@▓
▓_▓.▓.▓
▓_▓.▓.▓
▓'▓.▓.▓
▓.▓.▓.▓
▓.▓.▓[▓
▓.▓.▓.▓
▓.▓.▓?▓
▓.▓.▓.▓


You could see a black mamba, a crocodile and a porcupine.

Vanquished Creatures
  A slime creature (D)
  2 cyclopes (D)
  A spiny frog (D)
  A fire drake (D)
  A hungry ghost (D)
  A porcupine (D)
  A centaur (D)
  A giant frog (D)
  An iguana (D)
  An orc wizard (D)
  A gnoll (D)
  A shadow imp (D)
  An adder skeleton (D)
  2 hobgoblins (D)
  A jackal (D)
  2 quokkas (D)
  2 bats (D)
  2 goblins (D)
  A rat (D)
24 creatures vanquished.

Vanquished Creatures (others)
  A spatial maelstrom (D)
1 creature vanquished.

Grand Total: 25 creatures vanquished

Notes
Turn   | Place    | Note
--------------------------------------------------------------
     0 | D        | tt080 the Troll Berserker began the quest for the Orb.
     0 | D        | Reached XP level 1. HP: 22/22 MP: 0/0
     8 | D        | Reached skill level 3 in Maces & Flails
    10 | D        | Banished a spatial maelstrom
    13 | D        | Acquired Trog's second power
    29 | D        | Reached skill level 4 in Maces & Flails
    32 | D        | Reached XP level 2. HP: 22/29 MP: 1/1
    48 | D        | Reached skill level 5 in Maces & Flails
    51 | D        | Acquired Trog's third power
    58 | D        | Found a glowing silver altar of Zin.
    58 | D        | Found a glowing golden altar of the Shining One.
    58 | D        | Found an ancient bone altar of Kikubaaqudgha.
    58 | D        | Found a basalt altar of Yredelemnul.
    58 | D        | Found a shimmering altar of Xom.
    58 | D        | Found a radiant altar of Vehumet.
    59 | D        | Found an iron altar of Okawaru.
    60 | D        | Found a burning altar of Makhleb.
    61 | D        | Found a deep blue altar of Sif Muna.
    62 | D        | Found a bloodstained altar of Trog.
    63 | D        | Found a sparkling altar of Nemelex Xobeh.
    64 | D        | Found a white marble altar of Elyvilon.
    65 | D        | Found a roughly hewn altar of Beogh.
    66 | D        | Found a viscous altar of Jiyva.
    67 | D        | Found a corrupted altar of Lugonu.
    68 | D        | Found a blossoming altar of Fedhas.
    69 | D        | Found a snail-covered altar of Cheibriados.
    70 | D        | Found a shadowy altar of Dithmenos.
    71 | D        | Found a stormy altar of Qazlal.
    72 | D        | Found an opulent altar of Gozag.
    73 | D        | Found a sacrificial altar of Ru.
   101 | D        | Noticed an iguana
   101 | D        | Noticed a giant frog
   101 | D        | Noticed a hungry ghost
   112 | D        | Killed a hungry ghost
   112 | D        | Reached skill level 9 in Maces & Flails
   112 | D        | Reached XP level 3. HP: 34/36 MP: 2/2
   112 | D        | Reached XP level 4. HP: 41/44 MP: 3/3
   112 | D        | Reached XP level 5. HP: 46/50 MP: 4/4
   116 | D        | Reached skill level 10 in Maces & Flails
   120 | D        | Killed a giant frog
   120 | D        | Reached skill level 11 in Maces & Flails
   121 | D        | Killed an iguana
   131 | D        | Noticed a centaur
   131 | D        | Noticed a cyclops
   131 | D        | Noticed a slime creature
   131 | D        | Noticed a slime creature
   131 | D        | Noticed an orc wizard
   131 | D        | Noticed a cyclops
   142 | D        | Killed a cyclops
   142 | D        | Reached skill level 13 in Maces & Flails
   142 | D        | Reached XP level 6. HP: 59/59 MP: 5/5
   142 | D        | Reached XP level 7. HP: 66/66 MP: 6/6
   149 | D        | Killed a large slime creature
   149 | D        | Reached skill level 15 in Maces & Flails
   152 | D        | Killed a cyclops
   152 | D        | Reached skill level 16 in Maces & Flails
   152 | D        | Reached XP level 8. HP: 74/74 MP: 7/7
   155 | D        | Killed an orc wizard
   159 | D        | Killed a centaur
   276 | D        | Noticed a crocodile
   276 | D        | Noticed a porcupine
   276 | D        | Noticed a black mamba
   276 | D        | Noticed a fire drake
   276 | D        | Noticed a spiny frog
   276 | D        | Noticed a porcupine
   277 | D        | Killed a porcupine
   277 | D        | Received a gift from Trog
   281 | D        | Killed a spiny frog
   281 | D        | Reached skill level 17 in Maces & Flails
   299 | D        | Killed a fire drake
   299 | D        | Reached XP level 9. HP: 51/80 MP: 8/8
   304 | D        | Slain by a black mamba

Vault maps used:
D:        linesprint

Action                   |  1- 3 |  4- 6 |  7- 9 || total
-------------------------+-------+-------+-------++-------
Melee: Mace              |    40 |       |       ||    40
       Dire flail        |    10 |    14 |    38 ||    62
Invok: Berserk           |       |     1 |       ||     1
       Trog's Hand       |       |     1 |       ||     1
  Use: Potion            |       |     6 |     2 ||     8
  Eat: Bread ration      |       |       |     2 ||     2
